 Dungeon Crawl Stone Soup version 0.21.1-1-g345015fe64 (webtiles) character file.

15775 Htamos the Severer (level 12, -3/106 HPs)
             Began as a Minotaur Gladiator on July 10, 2018.
             Was a High Priest of Okawaru.
             Slain by Snorg (14 damage)
             ... on level 12 of the Dungeon.
             The game lasted 00:31:17 (12553 turns).

Htamos the Severer (Minotaur Gladiator)            Turns: 12553, Time: 00:31:19

Health: -3/106     AC: 20    Str: 20    XL:     12   Next: 4%
Magic:  20/21      EV: 13    Int:  5    God:    Okawaru [*****.]
Gold:   642        SH:  0    Dex: 20    Spells: 11/11 levels left

rFire    . . .     SeeInvis .   z - +0 war axe of Qaje Asu {venom, *Noise rN+ Dex+4}
rCold    . . .     Gourm    .   (no shield)
rNeg     + . .     Faith    .   Z - +0 plate armour
rPois    .         Spirit   .   c - +0 hat
rElec    .         Reflect  .   (no cloak)
rCorr    +         Harm     .   r - +2 pair of gloves
MR       .....                  (no boots)
Stlth    ..........             g - amulet of regeneration
HPRegen  0.67/turn              C - ring of magical power
MPRegen  0.17/turn              B - ring of resist corrosion

@: about to teleport, heroism, studying Long Blades
A: retaliatory headbutt, horns 2
a: Heroism, Finesse, Renounce Religion


You were on level 12 of the Dungeon.
You worshipped Okawaru.
Okawaru was extremely pleased with you.
You were hungry.

You visited 2 branches of the dungeon, and saw 13 of its levels.
You also visited: Sewer.

You collected 642 gold pieces.

Inventory:

Hand Weapons
 a - a +1 war axe
 z - the +0 war axe of Qaje Asu (weapon) {venom, *Noise rN+ Dex+4}
   (You found it on level 10 of the Dungeon)

   It poisons the flesh of those it strikes.
   It affects your dexterity (+4).
   It protects you from negative energy.
   It may make noises in combat.
 Y - a +0 long sword
Missiles
 d - 4 throwing nets (quivered)
Armour
 c - a +0 hat (worn)
 r - a +2 pair of gloves (worn)
 Z - a +0 plate armour (worn)
Jewellery
 g - an amulet of regeneration (around neck)
 j - an uncursed ring of protection from cold
 B - a ring of resist corrosion (right hand)
 C - a ring of magical power (left hand)
Wands
 I - a wand of flame (29)
 J - a wand of polymorph (20)
 N - a wand of paralysis (12)
Scrolls
 n - 5 scrolls of enchant weapon
 p - 4 scrolls of magic mapping
 w - 2 scrolls of teleportation
 x - 5 scrolls of remove curse
 A - a scroll of amnesia {unknown}
 D - 7 scrolls of identify
 G - 2 scrolls of fear
 K - a scroll of noise {unknown}
 M - 2 scrolls of blinking
 O - a scroll of random uselessness {unknown}
 V - 2 scrolls of enchant armour
 X - a scroll of silence {unknown}
Potions
 e - 2 potions of mutation
 k - 7 potions of curing
 m - a potion of brilliance
 o - a potion of ambrosia
 q - 3 potions of might
 s - 2 potions of haste
 v - a potion of agility
 F - 3 potions of magic {unknown}
 H - a potion of degeneration {unknown}
 L - a potion of resistance {unknown}
 U - 3 potions of flight {unknown}
Books
 h - a manual of Long Blades
 i - a book of Frost

   Spells                             Type                      Level
   a - Freeze                         Ice                          1
   b - Throw Frost                    Conjuration/Ice              2
   c - Ozocubu's Armour               Charms/Ice                   3
   d - Throw Icicle                   Conjuration/Ice              4
   e - Summon Ice Beast               Ice/Summoning                4
 t - a book of Changes

   Spells                             Type                      Level
   a - Beastly Appendage              Transmutation                1
   b - Sticks to Snakes               Transmutation                2
   c - Spider Form                    Transmutation/Poison         3
   d - Ice Form                       Ice/Transmutation            4
   e - Blade Hands                    Transmutation                5
 P - a Young Poisoner's Handbook

   Spells                             Type                      Level
   a - Sting                          Conjuration/Poison           1
   b - Poisonous Vapours              Poison/Air                   2
   c - Mephitic Cloud                 Conjuration/Poison/Air       3
   d - Olgreb's Toxic Radiance        Poison                       4
   e - Venom Bolt                     Conjuration/Poison           5
 Q - a book of Minor Magic

   Spells                             Type                      Level
   a - Magic Dart                     Conjuration                  1
   b - Blink                          Translocation                2
   c - Call Imp                       Summoning                    2
   d - Slow                           Hexes                        2
   e - Conjure Flame                  Conjuration/Fire             3
   f - Mephitic Cloud                 Conjuration/Poison/Air       3
 S - a book of Battle

   Spells                             Type                      Level
   a - Infusion                       Charms                       1
   b - Shroud of Golubria             Charms/Translocation         2
   c - Song of Slaying                Charms                       2
   d - Spectral Weapon                Hexes/Charms                 3
   e - Regeneration                   Charms/Necromancy            3
 T - a book of Cantrips

   Spells                             Type                      Level
   a - Confusing Touch                Hexes                        1
   b - Animate Skeleton               Necromancy                   1
   c - Summon Small Mammal            Summoning                    1
   d - Apportation                    Translocation                1
Comestibles
 f - 27 rations


   Skills:
 + Level 10.1(15.1) Fighting
 - Level 6.7(11.7) Long Blades
 - Level 16.1(21.1) Axes
 - Level 2.0(7.0) Throwing
 + Level 11.0(16.0) Armour
 + Level 5.1(10.1) Dodging
 + Level 2.3 Invocations
 - Level 0.3 Evocations


You had 11 spell levels left.
You didn't know any spells.

Dungeon Overview and Level Annotations

Branches:
Dungeon (12/15)            Temple (1/1) D:6            Lair (0/6) D:11
    Orc (0/2) D:12

Altars:
Ashenzari
Cheibriados
Dithmenos
Elyvilon
Fedhas
Gozag
Hepliaklqana
Kikubaaqudgha
Makhleb
Nemelex Xobeh
Okawaru
Qazlal
Ru
Sif Muna
Trog
Uskayaw
Vehumet
Wu Jian
Xom
Yredelemnul
Zin
The Shining One
Beogh

Annotations:
D:12 1 runed door, Snorg


Innate Abilities, Weirdness & Mutations

You reflexively headbutt those who attack you in melee.
You have a pair of horns on your head.


Message History

Snorg misses you. You furiously retaliate!
You headbutt Snorg. Snorg barely misses you.
Snorg claws you but does no damage.
You are feeling hungry.
You slash Snorg!
Snorg looks as sick as possible!
You headbutt Snorg!
Snorg is lightly wounded.
Snorg closely misses you. Snorg claws you! Snorg barely misses you.
You slash Snorg!
Snorg looks as sick as possible!
Snorg is moderately wounded.
Snorg bites you but does no damage. Snorg claws you but does no damage.
Snorg barely misses you.
You hit Snorg.
Snorg looks as sick as possible!
Snorg is moderately wounded.
Snorg misses you. Snorg barely misses you. Snorg closely misses you.
As you read the scroll of teleportation, it crumbles to dust.
You feel strangely unstable. Snorg bites you!!
* * * LOW HITPOINT WARNING * * *
Snorg claws you.
* * * LOW HITPOINT WARNING * * *
Snorg claws you!
You die...

#....# #........#.. #....#
+........#.. ##...#
#........###
#+######...#####+#...........
#......'.........#...........
#......#.........+...........
#.....#######....#....#+##...
#..<..# ##....#....# ###
#.....# #@....)....+ #.....#
#T....#....# #+#####
#######....# # #....#######
#....#.....# #T...#.....#
#....#.._..# #....#.....#
#....#.....#


You could see Snorg (berserk).

Vanquished Creatures
  The ghost of
  359359 the Thaumaturge, a journeyman OpTm of Gozag (D:11)
  2 hydras
  5 two-headed ogres
  An ugly thing (D:12)
  A manticore (D:11)
  The ghost of lis82 the Thaumaturge, a novice DEAE (D:7)
  A centaur skeleton (D:11)
  A troll (D:10)
  A hippogriff (D:10)
  A wyvern (D:8)
  2 wraiths
  13 yaks
  6 orc warriors
  2 black bears
  3 ice beasts
  4 phantoms
  4 sky beasts
  A necrophage (D:11)
  4 centaurs
  7 ogres
  4 big kobolds
  4 bullfrogs
  A wyvern zombie (D:12)
  A wyvern skeleton (D:11)
  A scorpion (D:11)
  4 wights (D:12)
  6 killer bees (D:11)
  6 howler monkeys
  An electric eel (D:7)
  5 jellies
  7 crimson imps
  A quasit (D:5)
  2 centaur zombies
  3 hounds
  14 orc wizards
  8 orc priests
  7 bullfrog skeletons
  5 iguanas
  4 worker ants
  A hound zombie (D:5)
  2 hound skeletons (D:6)
  A worker ant zombie (D:7)
  12 adders
  A gnoll (D:5)
  A river rat (D:4)
  2 shadow imps
  5 oozes
  An adder skeleton (D:7)
  10 worms
  5 dart slugs
  2 leopard geckos
  46 orcs
  17 bats
  8 giant cockroaches
  8 goblins
  11 hobgoblins
  10 jackals
  30 kobolds
  7 quokkas
  7 ball pythons
  7 frilled lizards
  A quokka skeleton (D:6)
  10 rats
  A fungus (Sewer)
351 creatures vanquished.

Vanquished Creatures (others)
  An orc (D:7)
1 creature vanquished.

Grand Total: 352 creatures vanquished

Notes
Turn   | Place    | Note
-------+----------+-------------------------------------------
     0 | D:1      | Htamos the Minotaur Gladiator began the quest for the Orb.
     0 | D:1      | Reached XP level 1. HP: 18/18 MP: 0/0
    56 | D:1      | Found a shattered altar of Ashenzari.
    61 | D:1      | Reached skill level 4 in Axes
   106 | D:1      | Reached XP level 2. HP: 25/25 MP: 1/1
   326 | D:1      | Reached skill level 5 in Axes
   411 | D:1      | Reached XP level 3. HP: 30/30 MP: 2/2
  1039 | D:2      | Found a faded altar of an unknown god.
  1085 | D:2      | Reached skill level 6 in Axes
  1085 | D:2      | Reached XP level 4. HP: 21/37 MP: 3/3
  2240 | D:3      | Noticed a big kobold
  2241 | D:3      | Noticed a big kobold
  2284 | D:3      | Reached XP level 5. HP: 42/42 MP: 4/4
  2324 | D:3      | Reached skill level 7 in Axes
  2375 | D:3      | Reached skill level 8 in Axes
  2375 | D:3      | Reached XP level 6. HP: 24/50 MP: 5/5
  2536 | D:3      | Found a hazy altar of Hepliaklqana.
  2580 | D:3      | Reached skill level 9 in Axes
  2623 | D:3      | Found a shadowy altar of Dithmenos.
  2624 | D:3      | Found a stormy altar of Qazlal.
  2676 | D:3      | Found a snail-covered altar of Cheibriados.
  3320 | D:4      | Found a glowing drain.
  3343 | Sewer    | Entered a sewer
  3468 | Sewer    | Reached XP level 7. HP: 47/56 MP: 6/6
  3809 | D:4      | Reached skill level 10 in Axes
  4075 | D:4      | Reached skill level 11 in Axes
  4428 | D:5      | Entered Level 5 of the Dungeon
  4457 | D:5      | Found a hazy altar of Hepliaklqana.
  4549 | D:5      | Found an opulent altar of Gozag.
  4614 | D:5      | Reached XP level 8. HP: 62/62 MP: 7/7
  4645 | D:5      | Reached skill level 12 in Axes
  4820 | D:5      | Reached skill level 13 in Axes
  5458 | D:6      | Reached XP level 9. HP: 66/68 MP: 8/8
  5565 | D:6      | Reached skill level 1 in Armour
  5606 | D:6      | Reached skill level 14 in Axes
  5851 | D:6      | Found a staircase to the Ecumenical Temple.
  5857 | Temple   | Entered the Ecumenical Temple
  5880 | Temple   | Became a worshipper of Warmaster Okawaru
  5913 | D:6      | Identified a scroll of acquirement
  6453 | D:7      | Noticed lis82's ghost (novice DEAE)
  6469 | D:7      | Killed lis82's ghost
  6469 | D:7      | Reached * piety under Okawaru
  6472 | D:7      | Found a shattered altar of Ashenzari.
  6477 | D:7      | Found a basalt altar of Yredelemnul.
  6480 | D:7      | Found an ornate altar of the Wu Jian Council.
  6494 | D:7      | Found a sacrificial altar of Ru.
  6748 | D:7      | You fall through a shaft!
  7013 | D:7      | Found a glowing silver altar of Zin.
  7360 | D:8      | Reached skill level 15 in Axes
  8028 | D:9      | Reached XP level 10. HP: 74/80 MP: 9/9
  8055 | D:9      | Reached skill level 5 in Armour
  8106 | D:9      | Reached ** piety under Okawaru
  8106 | D:9      | Reached skill level 5 in Fighting
  8353 | D:9      | Found a basalt altar of Yredelemnul.
  8674 | D:10     | Entered Level 10 of the Dungeon
  8674 | D:10     | Found a sparkling altar of Nemelex Xobeh.
  9214 | D:10     | Noticed a two-headed ogre
  9220 | D:10     | Killed a two-headed ogre
  9392 | D:10     | Reached *** piety under Okawaru
  9559 | D:11     | Noticed a two-headed ogre
  9607 | D:10     | Killed a two-headed ogre
  9607 | D:10     | Reached **** piety under Okawaru
  9607 | D:10     | Reached skill level 16 in Axes
  9724 | D:11     | Reached skill level 1 in Long Blades
  9831 | D:11     | Reached XP level 11. HP: 71/92 MP: 10/10
  9925 | D:11     | Noticed 359359's ghost (journeyman OpTm)
  9984 | D:11     | Reached ***** piety under Okawaru
 10049 | D:11     | Killed 359359's ghost
 10156 | D:11     | Noticed a two-headed ogre
 10159 | D:11     | Noticed a four-headed hydra
 10173 | D:11     | Killed a two-headed ogre
 10173 | D:11     | Reached skill level 5 in Long Blades
 10264 | D:10     | Got a shimmering war axe
 10265 | D:10     | Identified the cursed +0 war axe of Qaje Asu {venom, *Noise rN+ Dex+4} (You found it on level 10 of the Dungeon)
 10398 | D:10     | Killed a nine-headed hydra
 10517 | D:11     | Found a staircase to the Lair.
 10690 | D:11     | Reached skill level 1 in Invocations
 10965 | D:11     | Received a gift from Okawaru
 11526 | D:12     | Noticed a four-headed hydra
 11548 | D:12     | Killed a nine-headed hydra
 11548 | D:12     | Reached skill level 5 in Dodging
 11607 | D:12     | Noticed a two-headed ogre
 11620 | D:12     | Killed a two-headed ogre
 11620 | D:12     | Reached skill level 10 in Armour
 11722 | D:12     | Noticed a green ugly thing
 11741 | D:12     | Killed a green ugly thing
 11951 | D:12     | Found a staircase to the Orcish Mines.
 12064 | D:12     | Noticed a two-headed ogre
 12078 | D:12     | Killed a two-headed ogre
 12078 | D:12     | Reached skill level 10 in Fighting
 12078 | D:12     | Reached XP level 12. HP: 75/106 MP: 12/12
 12117 | D:12     | Found a roughly hewn altar of Beogh.
 12346 | D:12     | Found a runed door.
 12383 | D:12     | Noticed Snorg
 12553 | D:12     | Slain by Snorg

Skill      XL: |  1  2  3  4  5  6  7  8  9 10 11 12 |
---------------+-------------------------------------+-----
Axes           | 4 5 6 8 9 11 13 15 16 | 16.1
Armour         | 4 7 10 11 | 11.0
Fighting       | 4 7 10 | 10.1
Dodging        | 4 5 |  5.1
Long Blades    | 2 6 |  6.7
Invocations    | 2 |  2.3
Throwing       | |  2.0
Evocations     | |  0.3

Action                   |  1- 3 |  4- 6 |  7- 9 | 10-12 || total
-------------------------+-------+-------+-------+-------++-------
Melee: War axe           |    92 |   172 |   352 |   495 ||  1111
       Headbutt          |    14 |    31 |    69 |   119 ||   233
       Punch             |       |       |       |     1 ||     1
Invok: Heroism           |       |       |       |     5 ||     5
       Finesse           |       |       |       |     2 ||     2
Evoke: Wand              |       |       |     2 |     3 ||     5
  Use: Scroll            |       |     6 |    11 |     3 ||    20
       Potion            |       |       |     4 |     8 ||    12
  Eat: Chunk             |       |     8 |    13 |     6 ||    27
       Ration            |       |       |       |     3 ||     3
Armor: Leather armour    |    26 |     2 |       |       ||    28
       Chain mail        |       |    92 |   159 |    75 ||   326
       Plate armour      |       |       |       |   205 ||   205
       Skin              |       |       |       |    18 ||    18
Dodge: Dodged            |    61 |    65 |   154 |   188 ||   468
